Map: Undercurrent LE

Players

Ekelpack

  • Race: Zerg Zerg
  • Spawn Location: 1:00

Nyck

  • Race: Terran Terran
  • Spawn Location: 3:00

demon - Winner!

  • Race: Terran Terran
  • Spawn Location: 7:00

daos - Winner!

  • Race: Protoss Protoss
  • Spawn Location: 7:00

VOD

Have the link to the VOD?

Description

Time

  • Played on: April 1, 2025, 3:13 p.m.
  • Length: 16:21
Show
View Real Time Build Order
Export as new Build Order

Ekelpack Zerg 

Build Orders: Hatch First, Roach Hydra 

Get SALT Encoding   

  12  0:00  Drone  
  13  0:12  Overlord  
  13  0:17  Drone  
  14  0:30  Drone x2  
  14  0:35  Drone  
  17  0:52  Hatchery  
  17  0:54  Drone  
  17  0:58  Extractor  
  17  0:59  Drone  
  17  1:13  Spawning Pool  
  17  1:16  Drone  
  17  1:23  Drone  
  18  1:29  Drone  
  19  1:38  Drone  
  20  1:53  Drone  
  21  2:03  Queen  
  21  2:04  Drone  
  21  2:05  Queen  
  26  2:16  Drone  
  26  2:17  Drone  
  26  2:22  Overlord  
  28  2:40  Lair  
  28  2:48  Zergling x4  
  28  2:49  Zergling x2  
  28  2:50  Drone x2  
  33  3:03  Drone  
  33  3:05  Drone x2  
  36  3:17  Hatchery  
  35  3:27  Overlord  
  35  3:29  Drone  
  36  3:37  Queen, Roach Warren, Extractor  
  36  3:48  Hydralisk Den  
  35  3:51  Drone x3  
  38  3:56  Drone x4, Overlord  
  38  3:57  Drone  
  38  4:01  Extractor  
  42  4:15  Drone  
  43  4:19  Grooved Spines  
  43  4:27  Drone  
  43  4:28  Drone x4, Evolution Chamber, Overlord  
  43  4:29  Drone x3  
  43  4:30  Evolution Chamber  
  49  4:35  Drone x2  
  49  4:36  Drone  
  52  4:44  Drone  
  53  4:47  Extractor  
  53  4:50  Glial Reconstitution  
  52  4:57  Zerg Missile Weapons Level 1  
  52  4:58  Zerg Ground Armor Level 1  
  52  5:00  Overlord x2  
  52  5:04  Extractor  
  52  5:06  Hydralisk x2, Extractor  
  50  5:13  Drone x3  
  57  5:19  Muscular Augments  
  57  5:22  Drone x3  
  60  5:33  Hydralisk x3  
  60  5:34  Hydralisk  
  68  5:37  Drone x3  
  71  5:52  Roach  
  71  5:53  Roach x4  
  71  5:54  Overlord  
  81  6:13  Roach x4  
  81  6:14  Overlord  
  89  6:19  Drone  
  89  6:20  Overlord x2  
  90  6:33  Drone  
  90  6:35  Overlord x2  
  90  6:36  Hydralisk x3  
  90  6:37  Overlord  
  97  6:44  Queen  
  99  7:10  Hydralisk x6  
  99  7:11  Hydralisk x6  
  123  7:19  Overseer  
  123  7:32  Hydralisk  
  123  7:33  Hydralisk x6  
  137  7:59  Zerg Missile Weapons Level 2  
  137  8:00  Zerg Ground Armor Level 2  
  137  8:26  Overlord x4  
  137  8:27  Hatchery  
  136  8:35  Infestation Pit  
  136  8:39  Pneumatized Carapace  
  135  8:54  Roach x5  
  135  8:55  Roach x6  
  157  9:02  Hydralisk x3  
  157  9:03  Hydralisk x3  
  157  9:06  Overlord x4  
  169  9:29  Hive  
  166  9:59  Overseer x2  
  166  10:08  Drone x4  
  166  10:09  Drone x6  
  166  10:10  Drone x3  
  179  10:31  Extractor  
  179  10:33  Extractor  
  158  10:53  Hydralisk  
  158  10:54  Viper, Roach x2  
  158  10:55  Viper x4, Roach x2  
  183  10:57  Roach x3  
  183  10:58  Roach x4  
  197  11:21  Overlord  
  197  11:22  Overlord x2  
  197  11:24  Zerg Ground Armor Level 3, Zerg Missile Weapons Level 3  
  144  12:27  Hydralisk  
  144  12:28  Hydralisk x7  
  144  12:29  Hydralisk x6  
  161  12:30  Hydralisk x7  
  181  12:55  Roach x3  
  181  12:56  Roach x3  
  176  13:46  Roach x3  
  176  13:47  Roach x6  
  176  13:48  Roach x3  
  200  14:08  Zerg Melee Weapons Level 1  
  200  14:11  Unknown  
  200  14:44  Adrenal Glands  
  200  14:46  Ultralisk Cavern  
  179  15:20  Hydralisk x2  
  179  15:21  Hydralisk x7  
  142  15:22  Hydralisk x7  
  142  15:23  Hydralisk x2  
  142  15:35  Hydralisk x2  
  134  15:36  Hydralisk x3  
  102  15:51  Hydralisk x5  
Show
View Real Time Build Order
Export as new Build Order

Nyck Terran 

Build Orders: Command Center First 

Get SALT Encoding   

  12  0:00  SCV  
  13  0:12  SCV  
  14  0:17  Supply Depot  
  14  0:25  SCV  
  15  0:38  SCV  
  16  0:52  SCV  
  17  1:06  Command Center  
  17  1:09  SCV  
  18  1:18  Barracks  
  18  1:28  SCV  
  18  1:32  Supply Depot  
  19  1:40  Barracks  
  19  1:41  SCV  
  20  2:04  SCV  
  20  2:08  Barracks  
  21  2:23  Refinery  
  21  2:25  Refinery  
  20  2:39  Marine x2  
  21  2:52  Orbital Command  
  19  3:09  Marine x2  
  19  3:10  Marine  
  22  3:18  SCV  
  23  3:29  Marine x2  
  23  3:30  Marine  
  26  3:36  Supply Depot  
  26  3:43  Orbital Command  
  26  3:46  SCV  
  27  3:52  Marine x3  
  30  4:00  Factory  
  30  4:04  SCV  
  31  4:11  SCV  
  31  4:13  Barracks Tech Lab  
  32  4:21  SCV  
  32  4:22  Barracks Reactor  
  33  4:25  SCV  
  33  4:29  Barracks Reactor  
  34  4:31  Refinery  
  34  4:32  Refinery  
  34  4:35  Engineering Bay  
  34  4:38  Engineering Bay  
  34  4:44  Armory  
  34  4:50  Combat Shield  
  34  4:52  Marine  
  35  4:54  SCV x2  
  37  5:06  SCV x2  
  39  5:09  Terran Infantry Weapons Level 1  
  39  5:18  SCV  
  39  5:19  SCV  
  41  5:26  Terran Infantry Armor Level 1  
  41  5:30  SCV  
  41  5:31  SCV  
  41  5:34  Starport, Marine x3  
  41  5:35  Marine x2  
  48  5:43  SCV x2  
  50  5:55  SCV x2  
  50  5:56  Factory Reactor  
  52  5:59  Marine  
  52  6:00  Marine  
  54  6:05  Supply Depot  
  54  6:12  Stimpack  
  54  6:16  Supply Depot  
  54  6:27  Supply Depot, Marine x5, SCV x2  
  61  6:38  Medivac x2  
  61  6:39  SCV x2, Factory Reactor  
  67  6:45  Marine  
  68  6:52  Supply Depot  
  68  6:56  SCV x2  
  68  6:57  Marine  
  68  6:58  Marine x2  
  73  7:07  Terran Infantry Weapons Level 2  
  73  7:08  Medivac, SCV x2  
  77  7:13  Medivac  
  77  7:14  Supply Depot  
  79  7:18  Marine x2  
  79  7:19  Marine x2  
  83  7:24  Terran Infantry Armor Level 2  
  83  7:30  SCV x2  
  85  7:41  Command Center  
  85  7:59  SCV  
  85  8:00  SCV  
  85  8:01  Marine  
  85  8:02  Marine x3  
  85  8:03  Marine  
  85  8:04  Medivac  
  94  8:14  Supply Depot  
  94  8:33  Supply Depot  
  94  8:35  Medivac, Marine x5  
  94  8:36  SCV  
  102  8:50  SCV  
  62  9:21  Orbital Command  
  62  9:23  Marine x4  
  62  9:24  Marine  
  64  9:37  Medivac x2  
  66  9:40  Orbital Command  
  66  9:41  Marine  
  66  9:45  Terran Infantry Armor Level 3, Terran Infantry Weapons Level 3  
  67  9:46  Marine x3  
  67  9:47  Marine  
  71  10:01  SCV  
  72  10:13  SCV  
  73  10:18  Terran Vehicle And Ship Armor Level 1  
  73  10:19  Marine x2  
  73  10:20  Marine x3  
  78  10:23  Medivac x2  
  78  10:25  Factory Tech Lab  
  78  10:28  SCV  
  83  10:37  SCV  
  83  10:42  SCV  
  85  10:43  Marine x2  
  90  10:50  Siege Tank  
  90  10:54  SCV  
  90  10:55  SCV  
  92  11:06  SCV  
  93  11:12  Marine  
  94  11:29  Marine x4, SCV x2  
  94  11:30  Marine  
  101  11:41  SCV x2  
  103  11:57  Marine x5  
  82  12:33  SCV x2  
  84  12:45  SCV x2  
  86  12:54  Command Center  
  86  12:55  Marine x4  
  86  12:56  Marine  
  86  12:57  SCV  
  92  13:07  Medivac x2, Command Center  
  95  13:13  Marine x5  
  100  13:25  Missile Turret  
  100  13:30  Marine  
  100  13:31  Marine x2  
  90  13:55  SCV x2  
  89  13:58  Marine x4  
  89  13:59  Marine  
  78  14:33  SCV  
  78  14:36  Orbital Command  
  79  14:41  Marine  
  79  14:42  Marine x4  
  79  14:44  Medivac x2  
  88  14:47  Siege Tank  
  91  14:53  SCV  
  27  15:45  Marine x5  
  31  16:02  Marine  
  31  16:03  Marine x3  
Show
View Real Time Build Order
Export as new Build Order

demon Terran - Winner!

Build Orders:  

Get SALT Encoding   

  12  0:02  SCV  
  13  0:14  SCV  
  13  0:19  Supply Depot  
  14  0:26  SCV  
  15  0:40  SCV  
  15  0:41  Barracks  
  16  0:47  Refinery  
  16  0:52  SCV  
  17  1:05  SCV  
  18  1:17  SCV  
  19  1:32  SCV  
  20  1:34  Reaper  
  21  1:41  Command Center  
  21  1:49  Orbital Command  
  21  1:50  Refinery  
  21  2:10  Supply Depot  
  21  2:17  Barracks Reactor  
  21  2:20  SCV  
  22  2:27  Factory  
  22  2:35  SCV  
  23  2:57  Marine  
  24  2:58  Marine  
  25  3:12  Factory Tech Lab  
  24  3:16  Orbital Command  
  24  3:18  Bunker  
  24  3:25  SCV  
  25  3:27  Marine x2  
  25  3:32  Barracks x2  
  27  3:34  Engineering Bay  
  27  3:38  Supply Depot, SCV  
  28  3:45  Marine x2  
  30  3:50  SCV x2  
  30  3:51  Supply Depot  
  32  3:56  Siege Tank  
  35  4:06  Starport  
  35  4:10  Terran Infantry Weapons Level 1  
  35  4:16  Supply Depot  
  35  4:17  SCV  
  36  4:27  Barracks Reactor, Barracks Tech Lab  
  36  4:28  Marine x2  
  36  4:31  SCV x2  
  40  4:38  Supply Depot  
  40  4:43  SCV x2  
  42  4:50  Starport Reactor  
  42  4:54  Stimpack  
  42  4:55  SCV  
  42  4:56  Marine  
  42  4:57  Marine x2  
  46  5:03  Siege Tank  
  49  5:12  Factory  
  49  5:13  Refinery  
  49  5:16  Refinery  
  49  5:21  Marine x2, SCV  
  50  5:23  SCV  
  53  5:32  Medivac  
  53  5:33  SCV  
  56  5:35  SCV  
  56  5:36  Medivac  
  59  5:45  SCV  
  59  5:48  SCV  
  61  5:53  Marine x3  
  61  5:55  Siege Tank  
  67  5:57  SCV  
  67  6:00  Armory  
  68  6:09  Terran Infantry Armor Level 1  
  68  6:15  Medivac  
  70  6:20  Factory Tech Lab  
  70  6:28  Command Center  
  70  6:31  Missile Turret  
  70  6:35  Siege Tank  
  70  6:38  Missile Turret, SCV x2  
  75  6:40  Marine  
  75  6:41  Marine x2  
  75  6:44  Combat Shield  
  78  6:51  Missile Turret  
  78  6:55  Terran Vehicle Weapons Level 1  
  78  6:57  Engineering Bay  
  78  7:07  Medivac  
  78  7:08  SCV x2  
  82  7:09  Supply Depot  
  82  7:12  Marine x3  
  82  7:13  Marine  
  86  7:22  Supply Depot  
  86  7:30  Marine  
  86  7:31  SCV x2  
  89  7:40  Terran Infantry Weapons Level 2  
  89  7:42  Supply Depot  
  89  7:43  SCV x2  
  94  7:44  Siege Tank  
  93  7:55  SCV  
  94  7:59  Command Center  
  94  8:00  SCV  
  94  8:02  Siege Tank  
  98  8:15  Marine x5  
  103  8:23  Terran Infantry Armor Level 2  
  103  8:26  Siege Tank  
  106  8:33  Marine x4  
  110  9:07  Siege Tank, Marine x4, SCV  
  118  9:10  Supply Depot, Marine, SCV  
  118  9:11  Supply Depot  
  118  9:12  Supply Depot  
  118  9:13  Supply Depot  
  120  9:25  Marine x4  
  120  9:28  Marine  
  121  9:43  Marine x4  
  115  9:47  Marine  
  116  10:01  Marine x4  
  116  10:04  Medivac x2  
  116  10:05  Marine  
  125  10:07  Command Center  
  125  10:10  SCV  
  126  10:15  Barracks  
  126  10:18  Marine x2  
  128  10:24  Barracks  
  127  10:31  Planetary Fortress  
  121  10:48  Siege Tank x2  
  112  11:09  Marine x2  
  112  11:10  Marine x3  
  117  11:17  Factory  
  117  11:20  Terran Infantry Weapons Level 3, Siege Tank x2  
  123  11:26  Terran Vehicle Weapons Level 2  
  123  11:27  Marine x5  
  123  11:28  Barracks Reactor x2  
  123  11:31  SCV  
  129  11:34  Refinery  
  129  11:37  Planetary Fortress  
  129  11:39  SCV  
  130  11:45  Marine x5  
  135  11:52  Siege Tank  
  135  11:53  Siege Tank  
  141  12:02  Marine  
  141  12:03  Marine x4  
  127  12:20  Marine  
  127  12:21  Marine x4  
  132  12:25  Siege Tank x2  
  132  12:27  Marine x4  
  142  12:32  SCV x3  
  145  12:38  Marine  
  145  12:39  Marine x4  
  145  12:43  Medivac x2  
  155  12:44  SCV x2  
  155  12:45  Marine x4  
  155  12:47  Factory Tech Lab  
  160  12:57  Siege Tank x2  
  160  12:58  Refinery  
  166  13:02  Missile Turret x2  
  165  13:13  Medivac  
  148  13:24  Marine x2  
  149  13:29  Siege Tank x2  
  135  13:50  Marine  
  135  13:51  Marine x8  
  144  14:08  Marine x7  
  144  14:09  Marine x2  
  153  14:13  Siege Tank  
  153  14:14  Siege Tank x2  
  162  14:26  Marine x9  
  171  14:32  Refinery, SCV x2  
  171  14:34  Refinery, SCV  
  174  14:43  Marine  
  174  14:44  Marine x5  
  180  14:45  Sensor Tower  
  180  14:50  Siege Tank, Marine x3  
  180  14:51  Supply Depot  
  180  14:52  SCV x2  
  188  14:57  Missile Turret  
  188  15:13  Siege Tank, Marine x4  
  188  15:14  Medivac x2  
  196  15:20  Marine x2  
  196  15:21  Marine x3  
  176  15:31  Marine  
  176  15:35  Marine  
  176  15:36  Marine x2  
  176  15:38  Marine x5, SCV x2  
  184  15:44  Medivac  
  184  15:48  Marine  
  186  15:53  Marine  
  186  15:54  Marine  
Show
View Real Time Build Order
Export as new Build Order

daos Protoss - Winner!

Build Orders: Blink Stalkers, Zealot Archon 

Get SALT Encoding   

  12  0:01  Probe  
  13  0:16  Pylon  
  13  0:21  Probe  
  14  0:34  Probe  
  15  0:40  Gateway  
  15  0:47  Probe, Assimilator  
  16  1:03  Probe  
  17  1:15  Probe  
  18  1:30  Probe  
  19  1:42  Probe  
  19  1:46  Cybernetics Core  
  20  1:48  Pylon  
  20  1:54  Assimilator  
  20  1:56  Probe  
  20  2:08  Probe  
  21  2:12  Gateway  
  21  2:15  Pylon  
  21  2:20  Probe  
  22  2:30  Warp Gate  
  22  2:32  Probe  
  22  2:33  Nexus  
  23  2:47  Twilight Council  
  23  2:56  Forge  
  23  3:00  Stalker  
  25  3:06  Blink  
  25  3:09  Probe  
  26  3:21  Probe  
  27  3:35  Probe  
  28  3:46  Assimilator  
  28  3:47  Probe  
  28  3:48  Probe  
  30  3:50  Stalker  
  32  3:59  Probe  
  32  4:00  Probe  
  34  4:03  Templar Archives  
  34  4:18  Probe x2  
  34  4:19  Protoss Ground Weapons Level 1  
  34  4:23  Pylon  
  36  4:26  Probe x2  
  38  4:34  Probe  
  38  4:37  Psionic Storm  
  39  4:49  Gateway x2  
  39  4:51  Stalker x2  
  43  5:02  Probe x2  
  45  5:14  Probe x2  
  47  5:16  Robotics Facility  
  47  5:20  Stalker  
  49  5:28  Probe x2  
  51  5:32  Assimilator  
  51  5:40  Probe x2  
  53  5:46  Pylon  
  53  5:50  Forge  
  53  5:52  Probe x2  
  53  5:54  Pylon  
  55  5:58  Immortal, High Templar  
  55  5:59  High Templar  
  59  6:04  Archon, Probe  
  64  6:19  Protoss Ground Armor Level 1  
  64  6:21  Protoss Ground Weapons Level 2  
  64  6:28  Nexus  
  64  6:31  Assimilator  
  64  6:36  Assimilator  
  64  6:37  Observer  
  64  6:39  Pylon  
  65  7:02  Pylon  
  65  7:04  Pylon, Probe x2  
  67  7:11  High Templar x2  
  71  7:16  Archon, Probe x2  
  73  7:24  Shield Battery  
  73  7:28  Probe, Shield Battery  
  74  7:34  Probe  
  74  7:35  Shield Battery  
  75  7:40  Probe  
  75  7:43  Probe  
  77  7:46  Probe  
  78  7:51  High Templar x2  
  78  7:52  High Templar, Probe  
  78  7:55  Probe  
  86  7:58  Probe  
  87  8:11  Gateway  
  87  8:13  Charge  
  87  8:16  Gateway  
  87  8:17  Gateway  
  87  8:18  High Templar  
  87  8:19  Gateway  
  89  8:27  Zealot  
  89  8:28  Zealot x2  
  95  8:47  Probe x3  
  98  8:48  Photon Cannon  
  98  8:51  Photon Cannon  
  98  8:54  Photon Cannon  
  98  8:59  Probe x3  
  97  9:11  Probe x3  
  100  9:21  Photon Cannon  
  100  9:23  Probe x2  
  102  9:24  Photon Cannon  
  102  9:28  Shield Battery  
  102  9:34  Probe  
  102  9:35  Probe  
  104  9:38  Stalker  
  104  9:42  Stalker  
  108  9:56  Pylon x2  
  108  9:58  Pylon  
  108  9:59  Pylon  
  108  10:05  Protoss Ground Armor Level 2, Protoss Ground Weapons Level 3  
  108  10:06  Pylon  
  108  10:10  Pylon  
  108  10:15  Zealot x4  
  108  10:16  Zealot x4  
  122  11:14  Zealot x6  
  122  11:15  Zealot x2  
  134  11:54  Nexus  
  134  11:56  Assimilator  
  134  11:59  Assimilator  
  134  12:01  Zealot x2  
  134  12:02  Pylon, Zealot x6  
  94  12:33  Stalker  
  94  12:34  Stalker x6  
  94  12:35  Stalker  
  110  12:50  Gateway  
  110  12:51  Gateway  
  110  12:53  Gateway  
  110  12:56  Shield Battery x2  
  110  12:58  Shield Battery  
  110  13:03  High Templar  
  110  13:04  High Templar x3  
  110  13:05  High Templar x2  
  122  13:08  Archon  
  122  13:09  Archon  
  122  13:26  Zealot x2  
  126  13:45  Zealot  
  126  13:46  Zealot x6  
  126  13:47  Zealot  
  142  13:54  Warp Prism  
  144  14:08  Probe x3  
  147  14:12  Zealot  
  147  14:13  Zealot x4  
  147  14:14  Zealot x6  
  169  14:21  Pylon  
  169  14:22  Pylon  
  169  14:23  Pylon  
  169  14:24  Pylon  
  169  14:30  Observer  
  170  14:34  Nexus  
  170  14:36  Assimilator  
  170  14:40  Assimilator, Zealot x4  
  170  14:41  Zealot x6  
  170  14:42  Pylon, Zealot  
  170  14:45  Pylon  
  192  14:46  Archon  
  192  14:47  Archon  
  192  14:57  Probe  
  192  14:58  Probe x2  
  195  15:05  Shield Battery  
  195  15:06  Shield Battery  
  187  15:08  Shield Battery  
  155  15:24  Zealot  
  155  15:25  Zealot x5  
  155  15:26  Zealot x3  
  111  16:13  Zealot x5  
  111  16:14  Zealot x6  
Tags
 
Add a new tag
Caveats
  • Supply blocks, unpowered buildings, or Contaminate may cause inaccurate times.
  • Supply counts are checked every 10 seconds.